 Dungeon Crawl Stone Soup version 0.32-a0-329-ge6c31236d6 (webtiles) character file.

Game seed: 7302535379148497808

628 fishfloyd the Shield-Bearer (level 7, -5/62 HPs)
             Began as a Minotaur Fighter on Feb 14, 2024.
             Slain by a gnoll
             ... wielding a +0 flail
              (6 damage)
             ... on level 4 of the Dungeon on Feb 17, 2024.
             The game lasted 00:04:21 (2792 turns).

fishfloyd the Shield-Bearer (Minotaur Fighter)      Turns: 2792, Time: 00:04:21

Health: -5/62      AC: 10    Str: 19 (22) XL:     7   Next: 23%
Magic:  6/6        EV:  7    Int:  4 (5)  God:
Gold:   274        SH:  5    Dex:  9 (10) Spells: 6/6 levels left

rFire   . . .        a - +0 war axe
rCold   . . .        c - +0 buckler
rNeg    . . .        r - +0 chain mail
rPois   .            (helmet restricted)
rElec   .            (no cloak)
rCorr   .            (no gloves)
SInv    .            (no boots)
Will    .....        (no amulet) Stlth
                     (no ring)
HPRegen 0.30/turn    (no ring)
MPRegen 0.10/turn

%: no passive effects
@: mighty
A: horns 2, retaliatory headbutt
a: no special abilities


You were on level 4 of the Dungeon.
You visited 1 branch of the dungeon, and saw 4 of its levels.

You collected 274 gold pieces.

Inventory:

Hand Weapons
 a - a +0 war axe (weapon)
Missiles
 i - 11 poisoned darts (quivered)
 v - a boomerang
 x - 6 curare-tipped darts
Armour
 b - a +0 scale mail
 c - a +0 buckler (worn)
 r - a +0 chain mail (worn)
Jewellery
 k - a ring of fire
 t - a ring of wizardry
 u - a ring of positive energy
Wands
 q - a wand of flame (17)
 w - a wand of light (11)
 y - a wand of charming (6)
Scrolls
 f - a scroll of identify {unknown}
 j - a scroll of torment {unknown}
 l - a scroll of enchant weapon {unknown}
 m - a scroll of amnesia {unknown}
 n - a scroll of revelation {unknown}
 o - 2 scrolls of teleportation {unknown}
 p - a scroll of brand weapon {unknown}
Potions
 e - a potion of haste {unknown}
 h - 2 potions of degeneration
 s - a potion of mutation {unknown}


   Skills:
 + Level 5.9 Fighting
 + Level 5.2 Axes
 + Level 5.9 Armour
 + Level 5.9 Shields


You had 6 spell levels left.
You didn't know any spells.
Your spell library contained the following spells:

 Spells                   Type           Power      Damage    Failure   Level
 Magic Dart               Conj           0%         1d3       99%         1
 Searing Ray              Conj           0%         2d4       100%        2
 Fulminant Prism          Conj/Alch      0%         3d5       100%        4


Dungeon Overview and Level Annotations

Branches:
Dungeon (4/15)
 Temple: D:4-7

Altars:
The Shining One


Innate Abilities, Weirdness & Mutations

You have a pair of horns on your head.
You reflexively headbutt those who attack you in melee.


Message History

The gnoll is almost dead.
You slash the gnoll! The gnoll hits you but does no damage.
The gnoll hits you from afar with a +0 halberd!
The gnoll hits you with a +0 flail. The gnoll closely misses you. x2
The gnoll barely misses you.
You closely miss the gnoll.
The gnoll is almost dead.
You barely miss the gnoll. The gnoll completely misses you.
You block the gnoll's attack. The gnoll hits you with a +0 flail.
* * * LOW HITPOINT WARNING * * *
It was a potion of degeneration.
There was something very wrong with that liquid.
You feel weakened.
You feel dopey.
You feel clumsy. The gnoll hits you with a +0 flail.
* * * LOW HITPOINT WARNING * * *
The gnoll hits you from afar with a +0 halberd.
* * * LOW HITPOINT WARNING * * *
You block the gnoll's attack.
It was a potion of curing.
You feel better. You block the gnoll's attack. x2
The gnoll closely misses you.
Okay, then.
You barely miss the gnoll.
The gnoll is almost dead.
You barely miss the gnoll.
The gnoll hits you from afar with a +0 halberd!
* * * LOW HITPOINT WARNING * * *
The gnoll hits you with a +0 flail!
* * * LOW HITPOINT WARNING * * *
The gnoll hits you with a +0 flail.
* * * LOW HITPOINT WARNING * * *
You feel better. The gnoll hits you with a +0 flail!
* * * LOW HITPOINT WARNING * * *
The gnoll barely misses you. x2; You furiously retaliate!
You headbutt the gnoll, but do no damage.
You feel very mighty all of a sudden. You block the gnoll's attack.
The gnoll hits you from afar with a +0 halberd.
* * * LOW HITPOINT WARNING * * *
The gnoll hits you with a +0 flail.
You die...

### .... .....
######......
#...@g......
#...g#g.....
####.# ..... ..#.#
.$.. #.#.# ...
#.#.# ..
#########.#.# #
######.........#.#
##
#....#.#.........#
#.


You could see 3 gnolls.

Vanquished Creatures
  Sigmund (D:2)
  A black bear (D:4)
  A hound (D:4)
  2 orc priests
  Terence (D:2)
  An orc wizard (D:4)
  Robin (D:2)
  5 adders
  2 ribbon worms
  3 dart slugs (D:3)
  4 orcs
  11 ball pythons
  8 bats
  9 endoplasms
  3 giant cockroaches
  18 goblins
  12 hobgoblins
  8 jackals
  A quokka (D:3)
  3 frilled lizards
  7 kobolds
  6 rats
108 creatures vanquished.

Notes
Turn   | Place    | Note
-------+----------+-------------------------------------------
     0 | D:1      | fishfloyd the Minotaur Fighter began the quest for the Orb.
     0 | D:1      | Reached XP level 1. HP: 19/19 MP: 0/0
    90 | D:1      | Reached XP level 2. HP: 27/27 MP: 1/1
   142 | D:1      | Reached XP level 3. HP: 23/33 MP: 2/2
   634 | D:1      | Upgraded the game from 0.32-a0-290-g598725c5f2 to
                  | 0.32-a0-329-ge6c31236d6
   778 | D:2      | Noticed Robin
   782 | D:2      | Reached XP level 4. HP: 35/40 MP: 3/3
   797 | D:2      | Killed Robin
  1130 | D:2      | Noticed Terence
  1138 | D:2      | Killed Terence
  1139 | D:2      | Reached XP level 5. HP: 20/47 MP: 4/4
  1247 | D:2      | Noticed Sigmund
  1252 | D:2      | Killed Sigmund
  1253 | D:2      | Reached skill level 5 in Fighting
  1253 | D:2      | Reached skill level 5 in Armour
  1253 | D:2      | Reached skill level 5 in Shields
  1253 | D:2      | Reached XP level 6. HP: 56/56 MP: 5/5
  1689 | D:3      | Found a glowing golden altar of the Shining One.
  2392 | D:4      | Identified the +0 robe of the Sky {rPois}
  2765 | D:4      | Reached skill level 5 in Axes
  2765 | D:4      | Reached XP level 7. HP: 59/62 MP: 6/6
  2790 | D:4      | HP: 3/62 [gnoll/+0 flail (5)]
  2792 | D:4      | HP: 1/62 [gnoll/+0 halberd (3)]
  2792 | D:4      | Slain by a gnoll

Illustrated notes

Levels and vault maps discovered:
D:1:      mrwooster_arrival_statue_3, layout_basic, chequers_mini_garden
D:2:      layout_loops_cross, kennysheep_generic_room_10, uniq_robin,
          uniq_sigmund, uniq_terence
D:3:      cheibrodos_pilgrimage, layout_basic, lemuel_round_altar
D:4:      layout_basic, nemelex_diamond_rough_becter, eino_tiny_chamber

Skill      XL: |  1  2  3  4  5  6 |
---------------+-------------------+-----
Shields        | 4 5 |  5.9
Fighting       | 4 5 |  5.9
Axes           | 3 4 5 |  5.2
Armour         | 4 5 |  5.9

Action                     |  1- 3 |  4- 6 |  7- 9 || total
---------------------------+-------+-------+-------++-------
  Melee: War axe           |    60 |   132 |    14 ||   206
         Headbutt          |    10 |    21 |     3 ||    34
    Use: Potion            |       |     1 |     4 ||     5
 Armour: Scale mail        |    48 |    38 |       ||    86
         Chain mail        |       |    69 |    31 ||   100
  Dodge: Dodged            |    32 |    57 |    21 ||   110
  Block: Buckler           |    17 |    39 |     9 ||    65

Table legend: (Time is in decaauts)
 A = Elapsed time spent in this place.
 B = Non-inter-level travel time spent in this place.
 C = Inter-level travel time spent in this place.
 D = Time resting spent in this place.
 E = Time spent auto-exploring this place.
 F = Levels seen in this place.
 G = Mean time per level.
                   A        B        C        D        E       F      G
               +--------+--------+--------+--------+--------+-----+--------+
         Total |   2858 |   2735 |    123 |      0 |   2199 |   4 |  714.5 |
       Dungeon |   2858 |   2735 |    123 |      0 |   2199 |   4 |  714.5 |
               +--------+--------+--------+--------+--------+-----+--------+

Top non-repeatable levels by time:
     D:2: 858 daAuts
     D:1: 729 daAuts
     D:4: 675 daAuts
     D:3: 594 daAuts
